Description

Used by Innovation and Maru on Eternal Inno: https://www.twitch.tv/videos/681689238?filter=highlights&sort=time

Maru: https://www.twitch.tv/videos/682755529?filter=highlights&sort=time

VOD

https://www.twitch.tv/videos/681689238?filter=highlights&sort=time

Replay - Eternal Empire

Build Order

Get SALT Encoding   

  12  0:00  SCV  
  13  0:12  SCV  
  14  0:17  Supply Depot  
  14  0:25  SCV  
  15  0:38  SCV  
  15  0:40  Barracks  
  16  0:44  Refinery  
  16  0:50  SCV  
  17  1:03  SCV  
  18  1:15  SCV  
  19  1:27  Reaper, Orbital Command  
  20  1:46  Command Center  
  20  1:52  Supply Depot  
  20  1:54  SCV  
  21  1:59  Marine  
  22  2:06  SCV  
  23  2:10  Factory  
  23  2:17  Refinery  
  23  2:18  SCV  
  23  2:21  Barracks Reactor  
  25  2:38  Bunker  
  26  2:55  Widow Mine, Starport  
  26  2:58  Orbital Command  
  29  3:03  Marine x2  
  32  3:17  Widow Mine  
  34  3:22  Marine x2  
  38  3:32  Medivac  
  38  3:33  Supply Depot  
  41  3:39  Widow Mine  
  43  3:42  Marine x2  
  46  3:52  Supply Depot  
  47  3:59  Marine x2  
  47  4:00  Factory Tech Lab  
  47  4:02  Starport Tech Lab  
  52  4:17  Supply Depot  
  52  4:18  Marine  
  52  4:19  Siege Tank  
  59  4:28  Command Center  
  59  4:31  Raven  
  67  4:54  Siege Tank  
  70  5:03  Bunker  
  72  5:16  Barracks x2  
  72  5:24  Refinery x2  
  69  5:36  Engineering Bay x2  
  69  5:41  Orbital Command  
  73  5:55  Starport Reactor, Factory Reactor  
  75  6:04  Terran Infantry Weapons Level 1, Terran Infantry Armor Level 1  
  77  6:12  Stimpack, Combat Shield  
  77  6:17  Barracks x2  
  77  6:25  Marauder x2  
  83  6:35  Medivac x2  
  83  6:36  Widow Mine x2  
  97  6:47  Marauder x2  
  97  6:58  Widow Mine x2  
  98  7:06  Barracks Tech Lab, Barracks Reactor  
  98  7:07  Orbital Command  
  100  7:09  Medivac  
  104  7:19  Medivac, Missile Turret x2  
  104  7:21  Widow Mine x2, Marauder x2  
  118  7:33  Armory  
  119  7:39  Marauder x3  
  129  7:44  Widow Mine  
  133  8:01  Medivac  
  133  8:04  Refinery x2  
  138  8:09  Marauder  
Spawning Tool Build Advisor. Get it on Overwolf

Go to:

Details

  • Created by: skyebuddha
  • Published on: Jul 20, 2020
  • Modified on: Jul 20, 2020
  • Patch: 4.11.0
  • Difficulty: Hard
Show
View Real Time Build Order
Export as new Build Order

Comments (0)

There are no comments. Be the first!

Create an account to comment!